 Dungeon Crawl Stone Soup version 0.26-a0-259-g1effd001a9 (webtiles) character file.

Game seed: 16787924393881400930

1661404 bmfx the Impregnable (level 27, 206/206 HPs)
             Began as a Human Fighter on July 25, 2020.
             Was the Champion of Hepliaklqana.
             Escaped with the Orb
             ... and 3 runes on July 26, 2020!
             The game lasted 02:52:35 (76526 turns).

bmfx the Impregnable (Human Fighter)               Turns: 76526, Time: 02:52:36

Health: 206/206    AC: 51    Str: 39    XL:     27
Magic:  13/13      EV: 17    Int: 14    God:    Hepliaklqana [******]
Gold:   5058       SH: 39    Dex: 21    Spells: 26/26 levels left

rFire    + + .     SeeInvis +   b - +9 broad axe (antimagic)
rCold    + . .     Faith    .   T - +10 tower shield of Ignorance {rN+ Int-4}
rNeg     + + .     Spirit   .   U - +8 gold dragon scales
rPois    +         Reflect  .   i - +1 helmet "Puunil Qyin" {*Contam MP+9 Str+5 Stlth+}
rElec    .         Harm     .   R - +1 cloak {rCorr}
rCorr    +                      A - +0 pair of gloves {Str+3}
MR       ++++.                  W - +2 pair of boots {run}
Stlth    ..........             C - amulet "Neunt" {Acrobat rPois rF+ rN+ Int+2}
HPRegen  0.44/turn              h - ring "Cyt Etos" {AC+4 Dex+5 SInv}
MPRegen  0.13/turn              P - ring of Ciunialu {MR++ Str+6 Int+4 Stlth+}

@: quick
A: reduced essence, talons 1, molten scales 1, agile 1, poison resistance,
MP-powered wands
0: Orb of Zot
}: 3/15 runes: decaying, serpentine, silver
a: Recall Ancestor, Ancestor Identity, Transference, Idealise, Renounce Religion


You escaped.
You worshipped Hepliaklqana.
Hepliaklqana was exalted by your worship.
You were full.

You visited 10 branches of the dungeon, and saw 50 of its levels.
You visited the Abyss 2 times.
You visited 1 bazaar.
You also visited: Bailey, Gauntlet, Ice Cave and Wizlab.

You collected 11171 gold pieces.
You spent 6113 gold pieces at shops.


Innate Abilities, Weirdness & Mutations

Your life essence is reduced to manifest your ancestor. (-10% HP)
You have sharp toenails.
You are partially covered in molten scales. (AC +2)
You are agile. (Dex +2)
Your system is resistant to poisons. (rPois)
You expend magic power (3 MP) to strengthen your wands.

Dungeon Overview and Level Annotations

Branches:
Dungeon (15/15)            Temple (1/1) D:5            Lair (6/6) D:10
  Swamp (4/4) Lair:4        Snake (4/4) Lair:3        Slime (0/5) Lair:6
    Orc (2/2) D:11            Elf (3/3) Orc:2        Vaults (5/5) D:13
  Crypt (0/3) Vaults:3     Depths (5/5) D:15            Zot (5/5) Depths:5
 Bailey (visited)           IceCv (visited)          WizLab (visited)
Gauntlet (visited)

Altars:
Ashenzari
Cheibriados
Dithmenos
Elyvilon
Fedhas
Gozag
Hepliaklqana
Kikubaaqudgha
Makhleb
Nemelex Xobeh
Okawaru
Qazlal
Ru
Sif Muna
Trog
Uskayaw
Vehumet
Wu Jian
Xom
Yredelemnul
Zin
The Shining One

Shops:
D:8 =*   D:10 (   D:11 }   D:13 =   Orc:2 !*%*   Vaults:1 [   Depths:1 %
Depths:3 [*(

Portals:
Hell: Depths:1 Depths:2 Depths:3 Depths:4 Depths:5
Abyss: Depths:4
Pandemonium: Depths:1 Depths:3 Depths:4
Ziggurat: Depths:5

Annotations:
Lair:3 1 runed translucent door ice statue vault, exclusion: oklob plant, Sygruoh's ghost, journeyman TeAE
Lair:6 1 exclusion
Swamp:2 Roxanne
Snake:3 2 transporters, t4s4d4r's ghost, adept OpWz
Elf:1 3 runed translucent doors, SatoMori's ghost, adept MiBe; adozu's ghost, journeyman DsVM
Elf:2 3 runed translucent doors


   Skills:
 + Level 21.4 Fighting
 - Level 17.1(20.0) Axes
   Level 17.9(20.3) Polearms
 - Level 4.0 Throwing
 - Level 24.0 Armour
 - Level 12.0 Dodging
 - Level 24.0 Shields
 - Level 12.0 Invocations
 - Level 12.0 Evocations


You had 26 spell levels left.
You didn't know any spells.
Your spell library contained the following spells:

 Spells                   Type           Power        Failure   Level
 Animate Skeleton         Necr           #.....       83%         1
 Corona                   Hex            #......      83%         1
 Foxfire                  Conj/Fire      #...         83%         1
 Freeze                   Ice            #...         83%         1
 Pain                     Necr           #...         83%         1
 Shock                    Conj/Air       #...         83%         1
 Summon Butterflies       Summ           #.......     83%         1
 Summon Small Mammal      Summ           #...         83%         1
 Blink                    Tloc           N/A          92%         2
 Call Imp                 Summ           #.......     92%         2
 Corpse Rot               Necr/Air       N/A          92%         2
 Ensorcelled Hibernation  Hex/Ice        #.....       92%         2
 Shroud of Golubria       Chrm/Tloc      #.....       92%         2
 Slow                     Hex            #.......     92%         2
 Swiftness                Chrm/Air       #.......     92%         2
 Call Canine Familiar     Summ           #.......     99%         3
 Confusing Touch          Hex            #.......     99%         3
 Conjure Flame            Conj/Fire      #.......     99%         3
 Frozen Ramparts          Ice            #.....       99%         3
 Gell's Gravitas          Tloc           #.........   99%         3
 Inner Flame              Hex/Fire       #.......     99%         3
 Lesser Beckoning         Tloc           #.........   99%         3
 Mephitic Cloud           Conj/Pois/Air  #.......     99%         3
 Ozocubu's Armour         Chrm/Ice       #.......     99%         3
 Portal Projectile        Hex/Tloc       #.....       99%         3
 Recall                   Summ/Tloc      N/A          99%         3
 Summon Guardian Golem    Hex/Summ       #.......     99%         3
 Teleport Other           Tloc           #.......     99%         3
 Tukima's Dance           Hex            #.......     99%         3
 Vampiric Draining        Necr           #.........   99%         3
 Animate Dead             Necr           #.........   100%        4
 Cause Fear               Hex            #.........   100%        4
 Hailstorm                Conj/Ice       #.......     100%        4
 Ice Form                 Ice/Tmut       #.......     100%        4
 Leda's Liquefaction      Hex/Erth       #.........   100%        4
 Petrify                  Tmut/Erth      #.......     100%        4
 Sticky Flame             Conj/Fire      #.......     100%        4
 Summon Ice Beast         Ice/Summ       #.......     100%        4
 Summon Lightning Spire   Summ/Air       #.......     100%        4
 Agony                    Necr           #.......     100%        5
 Alistair's Intoxication  Tmut/Pois      #.......     100%        5
 Bolt of Magma            Conj/Fire/Erth #.........   100%        5
 Borgnjor's Vile Clutch   Necr/Erth      #.........   100%        5
 Excruciating Wounds      Chrm/Necr      #.........   100%        5
 Fireball                 Conj/Fire      #.........   100%        5
 Irradiate                Conj/Tmut      #.........   100%        5
 Iskenderun's Battlesphe  Conj/Chrm      #.......     100%        5
 Metabolic Englaciation   Hex/Ice        #.........   100%        5
 Silence                  Hex/Air        #.........   100%        5
 Summon Mana Viper        Hex/Summ       #.......     100%        5
 Yara's Violent Unravell  Hex/Tmut       #.........   100%        5
 Conjure Ball Lightning   Conj/Air       #.........   100%        6
 Darkness                 Hex            #.........   100%        6
 Death Channel            Necr           #.........   100%        6
 Freezing Cloud           Conj/Ice/Air   #.........   100%        6
 Hydra Form               Tmut           #.........   100%        6
 Iron Shot                Conj/Erth      #.........   100%        6
 Ozocubu's Refrigeration  Ice            #.........   100%        6
 Shadow Creatures         Summ           N/A          100%        6
 Simulacrum               Ice/Necr       #.........   100%        6
 Statue Form              Tmut/Erth      #........    100%        6
 Dragon Form              Tmut           #.........   100%        7
 Orb of Destruction       Conj           #.........   100%        7
 Spellforged Servitor     Conj/Summ      #.........   100%        7
 Discord                  Hex            #.........   100%        8
 Tornado                  Air            #.........   100%        9
 Passage of Golubria      Tloc           Unusable     N/A         4

Action                   |  1- 3 |  4- 6 |  7- 9 | 10-12 | 13-15 | 16-18 | 19-21 | 22-24 | 25-27 || total
-------------------------+-------+-------+-------+-------+-------+-------+-------+-------+-------++-------
Melee: Trident           |   119 |   197 |   403 |   745 |  1487 |   401 |    25 |       |       ||  3377
       Broad axe         |       |       |       |       |       |   937 |  1003 |  1055 |  1816 ||  4811
       Unarmed           |       |       |       |       |       |       |       |       |     3 ||     3
Throw: Boomerang         |       |     5 |    25 |       |       |     5 |       |       |       ||    35
       Dart              |       |       |    28 |       |       |     4 |       |       |       ||    32
Invok: Recall Ancestor   |       |       |     1 |     4 |     4 |    14 |    19 |    12 |    19 ||    73
       Ancestor Life: Kn |       |       |       |     1 |       |       |       |       |       ||     1
       Idealise          |       |       |       |     1 |    12 |     6 |     4 |     2 |     7 ||    32
       Transference      |       |       |       |       |       |     1 |       |     1 |     4 ||     6
Evoke: Wand              |       |     5 |     4 |     5 |    36 |    18 |     7 |     1 |    14 ||    90
       Phantom mirror    |       |       |       |     1 |       |       |       |       |       ||     1
       Lightning rod     |       |       |       |       |     7 |     2 |     4 |       |     1 ||    14
       Tin of tremorston |       |       |       |       |     6 |     3 |     6 |    10 |     9 ||    34
  Use: Scroll            |       |     2 |     9 |    12 |    12 |    11 |    13 |     7 |    28 ||    94
       Potion            |       |       |     1 |     4 |     5 |     8 |     2 |     1 |    23 ||    44
 Stab: Distracted        |       |       |     2 |     6 |    21 |    14 |    12 |    27 |    41 ||   123
       Invisible         |       |       |       |     3 |     9 |       |     1 |       |       ||    13
       Paralysed         |       |       |       |       |       |       |     3 |     7 |       ||    10
  Eat: Ration            |       |     3 |     4 |     6 |    11 |    11 |    10 |     7 |    13 ||    65
Armor: Scale mail        |    33 |       |       |       |       |       |       |       |       ||    33
       Chain mail        |     9 |   100 |   126 |   140 |   308 |       |       |       |       ||   683
       Skin              |       |       |     1 |    24 |       |       |       |       |       ||    25
       Gold dragon scale |       |       |       |       |    42 |   358 |   227 |   195 |   455 ||  1277
Dodge: Dodged            |    17 |    24 |    69 |    75 |   212 |   241 |   141 |   117 |   336 ||  1232
Block: Kite shield       |    37 |    71 |   117 |   346 |   868 |  1288 |   861 |       |       ||  3588
       Reflection        |       |       |       |    17 |    34 |   155 |   121 |   110 |    21 ||   458
       Tower shield      |       |       |       |       |       |       |    58 |  1209 |  2023 ||  3290

Skill      XL: |  1  2  3  4  5  6  7  8  9 10 11 12 13 14 15 16 17 18 19 20 21 22 23 24 25 26 27 |
---------------+----------------------------------------------------------------------------------+-----
Polearms       | 3 4 5 6 8 9 10 12 14 17 | 17.9
Throwing       | 1 2 3 4 |  4.0
Armour         | 4 5 6 8 10 11 14 15 16 18 19 20 22 24 | 24.0
Fighting       | 5 6 9 10 13 14 15 16 21 | 21.4
Shields        | 5 6 9 10 13 14 15 16 18 19 24 | 24.0
Dodging        | 1 5 6 12 | 12.0
Invocations    | 4 6 8 9 12 | 12.0
Evocations     | 3 5 8 12 | 12.0
Axes           | 5 11 14 17 | 17.1

Inventory:

Hand Weapons
 a - a +9 broad axe of freezing
 b - a +9 antimagic broad axe (weapon)
Missiles
 x - 8 curare-tipped darts (quivered) {!f}
 V - 9 throwing nets {!f}
Armour
 i - the +1 helmet "Puunil Qyin" (worn) {*Contam MP+9 Str+5 Stlth+}
   (You found it on level 14 of the Dungeon)

   It affects your strength (+5).
   It affects your magic capacity (+9).
   It causes magical contamination when unequipped.
   It makes you more stealthy.
 A - a +0 pair of gloves of strength (worn)
 R - a +1 cloak of preservation (worn)
 T - the +10 tower shield of Ignorance (worn) {rN+ Int-4}
   (You bought it in a shop on level 1 of the Vaults)

   It affects your intelligence (-4).
   It protects you from negative energy.
 U - +8 gold dragon scales (worn)
 W - a +2 pair of boots of running (worn)
Jewellery
 h - the ring "Cyt Etos" (left hand) {AC+4 Dex+5 SInv}
   (You took it off a deep elf death mage on level 3 of the Elven Halls)

   [ring of protection]

   It affects your AC (+4).
   It affects your dexterity (+5).
   It lets you see invisible.
 C - the amulet "Neunt" (around neck) {Acrobat rPois rF+ rN+ Int+2}
   (You found it on level 4 of the Depths)

   [amulet of the acrobat]

   It helps you evade while moving and waiting.
   It affects your intelligence (+2).
   It protects you from fire.
   It protects you from poison.
   It protects you from negative energy.
 O - the ring of Suspected Treachery {+Fly rElec Int+6}
   (You found it on level 12 of the Dungeon)

   [ring of flight]

   It affects your intelligence (+6).
   It insulates you from electricity.
   It lets you fly.
 P - the ring of Ciunialu (right hand) {MR++ Str+6 Int+4 Stlth+}
   (You found it on level 12 of the Dungeon)

   [ring of strength]

   It affects your strength (+6).
   It affects your intelligence (+4).
   It affects your resistance to hostile enchantments.
   It makes you more stealthy.
 Z - the ring of Onudyo {rF+ AC+4}
   (You found it on level 1 of the Elven Halls)

   [ring of protection]

   It affects your AC (+4).
   It protects you from fire.
Wands
 m - a wand of digging (2)
 t - a wand of acid (27)
 G - a wand of disintegration (40)
 I - a wand of polymorph (39)
 J - a wand of iceblast (25)
 L - a wand of clouds (3)
 N - a wand of enslavement (23)
 Q - a wand of paralysis (13)
Scrolls
 c - 2 scrolls of silence
 j - 7 scrolls of blinking {@r2}
 n - 14 scrolls of remove curse {@r4}
 u - 2 scrolls of summoning
 y - 4 scrolls of holy word
 B - 11 scrolls of teleportation {@r1}
 E - 4 scrolls of fog
 F - 8 scrolls of fear
 H - a scroll of magic mapping
 M - 10 scrolls of immolation
 S - 23 scrolls of identify {@r3}
Potions
 e - 15 potions of curing {@q2}
 f - 4 potions of might
 g - 7 potions of stabbing
 k - a potion of invisibility
 l - a potion of mutation
 o - 4 potions of haste {@q4}
 p - 5 potions of heal wounds {@q1}
 v - a potion of magic
 z - 3 potions of ambrosia
 D - 8 potions of flight
 X - a potion of cancellation
Miscellaneous
 q - 6 boxes of beasts
 r - a phial of floods
 s - a tin of tremorstones (3/3)
 w - a lightning rod (4/4)
 K - 4 phantom mirrors
Comestibles
 d - 88 rations

.....# #.#.#######......####.##.#
###.## #.#.........)###### #.#..#
##..####.####.#####......###.#..#
#...........##.###.#...(...))...#
...P........###.#.####.#(###....#
..♣P♣......## ##.## ##.#.# #..#..
#...P.....#.###.#.###.##.# #..#.#
#.........##.#(#.#.#.###.###....#
#......######.#.@.#.###.........#
##...#.# ##.#.#.#.#.#######..#.#
.....#.####.###.#.###.## #..#.#
##.........## ##.## ##.#####..#.#
#.###.########.#.###...........#
#.# #.# #.#.###.#....>....#..#
##.###.# #..## ##..#########..#
>....).# #.### #..# ##.# ##.##..#
#...# #..# #.#


There were no monsters in sight!

Vanquished Creatures
  4 orbs of fire (Zot:5)
  Mara (Vaults:3)
  8 ancient liches
  Sojobo (Vaults:3)
  3 Killer Klowns (Zot:5)
  Frederick (Vaults:3)
  5 caustic shrikes (Depths:5)
  4 golden dragons
  3 electric golems
  Asterion (Snake:3)
  A deep elf blademaster (Elf:3)
  21 Orb Guardians (Zot:5)
  3 liches
  9 tentacled monstrosities
  2 quicksilver dragons
  4 titans (Vaults:5)
  An Ice Fiend (Depths:5)
  A deep elf master archer (Elf:3)
  Frances (Snake:2)
  4 death cobs
  7 sphinxes
  2 thorn hunters (Swamp:3)
  10 storm dragons
  A draconian monk (Zot:5)
  14 nagarajas
  7 shadow dragons
  11 tengu reavers
  9 fire giants
  A draconian knight (Zot:3)
  An orc warlord (Vaults:4)
  5 frost giants
  4 iron dragons
  8 deep elf sorcerers
  7 vault wardens
  Aizul (Snake:2)
  A draconian scorcher (Depths:5)
  A draconian shifter (Zot:5)
  2 ghost moths (Zot:5)
  2 deep elf elementalists
  2 draconian stormcallers
  2 draconian annihilators
  A war gargoyle (Vaults:5)
  11 very ugly things
  13 ironheart preservers
  4 spriggan defenders
  19 stone giants
  5 green draconians
  2 vampire knights
  A black draconian (Zot:3)
  8 deep elf demonologists
  2 large abominations (Vaults:5)
  Azrael (Elf:1)
  5 deep elf annihilators
  4 red draconians
  2 spark wasps (Depths:5)
  5 yellow draconians
  A purple draconian (Zot:5)
  2 orange crystal statues
  3 white draconians
  The ghost of Apogee the Nimble, a journeyman MfSk of Ashenzari (D:12)
  17 ettins
  A green death (D:8)
  A blizzard demon (Depths:3)
  8 deep elf death magi
  5 fire dragons
  12 great orbs of eyes
  Josephine (D:15)
  5 deep elf high priests
  20 yaktaur captains
  A rakshasa (Depths:2)
  32 vault guards
  4 spriggan air magi
  6 naga warriors
  7 ice dragons
  15 hydras
  8 anacondas
  5 centaur warriors
  10 alligators
  6 death knights
  A catoblepas (Lair:6)
  3 shambling mangroves
  11 ogre magi
  2 death yaks (Lair:4)
  25 two-headed ogres
  6 deep troll earth magi
  5 tengu warriors
  10 dancing weapons
  8 shock serpents
  5 spriggan berserkers
  6 deep troll shamans
  10 naga sharpshooters
  A small abomination (Vaults:5)
  A soul eater (Vaults:3)
  3 spriggans
  A shock serpent (shapeshifter) (Vaults:4)
  3 iron trolls
  6 hell knights (Depths:1)
  23 deep elf knights
  2 salamander mystics
  A skeletal warrior (Vaults:2)
  5 glowing orange brains
  A fire crab (shapeshifter) (D:15)
  11 sea snakes
  28 deep trolls
  A storm dragon skeleton (Depths:2)
  2 flayed ghosts
  A spriggan druid (Swamp:4)
  A shadow demon (D:2)
  19 deep elf archers
  2 wizards
  8 swamp dragons
  4 naga ritualists
  2 lindwurms
  2 necromancers
  A harpy (D:12)
  8 ironbrand convokers
  28 ugly things
  17 orc knights
  A mana viper (shapeshifter) (Vaults:5)
  A harpy (shapeshifter) (Vaults:5)
  A wolf spider (Vaults:3)
  4 mana vipers
  4 phantasmal warriors
  An orb spider (shapeshifter) (Vaults:3)
  53 deep elf magi
  4 orc sorcerers
  A wolf spider zombie (D:12)
  2 cyclopes
  2 manticores (D:15)
  10 moths of wrath
  2 frost giant skeletons
  7 elephants
  A salamander (shapeshifter) (D:13)
  2 cyclopes (shapeshifter)
  22 black mambas
  7 guardian serpents
  16 naga magi
  14 salamanders
  8 vault sentinels
  A stone giant skeleton (Depths:2)
  2 centaur zombies
  2 torpor snails
  2 spectral swamp worms (Depths:4)
  An ice statue (IceCv)
  A centaur skeleton (D:13)
  7 cane toads
  3 gargoyles
  2 komodo dragons (shapeshifter)
  3 kobold demonologists (D:15)
  A storm dragon simulacrum (Vaults:3)
  An efreet (D:15)
  50 yaktaurs
  6 freezing wraiths
  2 komodo dragons
  A yaktaur (shapeshifter) (Depths:4)
  2 anaconda simulacra (IceCv)
  3 ice devils (IceCv)
  4 tengu conjurers
  A tormentor (D:2)
  A merfolk (shapeshifter) (Depths:5)
  4 trolls
  A meliai (shapeshifter) (Vaults:3)
  4 hornets
  A jumping spider (shapeshifter) (Vaults:4)
  23 slime creatures
  A polar bear (shapeshifter) (Vaults:3)
  A blink frog (shapeshifter) (Vaults:5)
  5 tyrant leeches
  A stone giant simulacrum (Vaults:2)
  A dream sheep (Lair:3)
  2 bog bodies
  3 hippogriffs
  A spriggan zombie (Depths:2)
  A redback (D:12)
  3 dire elephant simulacra (IceCv)
  A shadow (D:14)
  5 wraiths
  3 air elementals
  2 fire elementals (Elf:3)
  A water elemental (Elf:3)
  A human (shapeshifter) (D:15)
  2 basilisks
  34 yaks
  A hog (shapeshifter) (Vaults:2)
  3 hogs (Snake:4)
  A steam dragon (Lair:6)
  24 vampire mosquitoes
  3 chaos spawn (Abyss:3)
  2 soldier ants
  An acid dragon (Vaults:2)
  5 wargs
  18 swamp worms
  2 iron troll simulacra (IceCv)
  53 nagas
  A harpy simulacrum (IceCv)
  4 hydra simulacra (IceCv)
  A water moccasin (shapeshifter) (Vaults:2)
  8 insubstantial wisps (Swamp:3)
  A porcupine (shapeshifter) (Elf:1)
  3 porcupines
  19 water moccasins
  A floating eye (Depths:4)
  3 hell hounds (Elf:1)
  6 swamp drakes
  45 orc warriors
  6 ice beasts
  2 eyes of draining (shapeshifter)
  A necrophage (D:10)
  7 wolves
  25 ogres
  4 phantoms
  14 boggarts
  18 centaurs
  4 crocodiles
  2 big kobolds
  7 bullfrogs
  4 earth elementals
  5 scorpions
  A wyvern skeleton (D:14)
  2 killer bees
  An elf simulacrum (Vaults:3)
  5 wights
  4 howler monkeys
  8 electric eels
  A bullfrog zombie (D:12)
  A quasit (D:10)
  3 draconian simulacra (IceCv)
  A hound (D:5)
  4 jellies
  14 orc priests
  3 bullfrog skeletons
  An iron imp (Depths:5)
  2 iguanas
  17 orc wizards
  2 spriggan simulacra (IceCv)
  8 worker ants
  6 hell rats (Lair:6)
  A troll simulacrum (IceCv)
  A killer bee zombie (D:5)
  2 hound zombies
  A hound skeleton (D:7)
  A howler monkey zombie (D:8)
  8 adders
  A howler monkey skeleton (D:5)
  A shadow imp (D:7)
  10 white imps
  8 ufetubi
  An ooze (D:1)
  3 worms
  5 leopard geckos
  86 orcs
  4 bats
  4 giant cockroaches
  8 goblins
  4 hobgoblins
  6 jackals
  23 kobolds
  2 quokkas
  3 ball pythons
  5 frilled lizards
  2 quokka skeletons
  8 rats
  5 briar patches (Swamp:3)
  3 crawling corpses (Vaults:5)
  A plant (Elf:3)
1659 creatures vanquished.

Vanquished Creatures (collateral kills)
  2 ancient liches (Zot:5)
  Bai Suzhen (Depths:3)
  Vashnia (Snake:2)
  3 caustic shrikes (Depths:5)
  A curse toe (Zot:2)
  the Enchantress (Depths:5)
  Nikola (Depths:1)
  Jorgrun (D:13)
  2 tentacled monstrosities
  5 Orb Guardians
  2 liches
  A deep elf blademaster (Elf:2)
  2 titans
  Gastronok (Orc:1)
  2 sphinxes
  3 shadow dragons
  2 tengu reavers
  Kirke (Snake:4)
  3 storm dragons
  4 fire giants
  A draconian knight (Zot:5)
  8 frost giants
  9 vault wardens
  A draconian scorcher (Zot:5)
  An orc warlord (Vaults:3)
  A war gargoyle (Vaults:5)
  A draconian shifter (Depths:5)
  2 draconian stormcallers
  5 ironheart preservers
  A draconian annihilator (Zot:3)
  7 very ugly things
  2 deep elf demonologists (Elf:3)
  Snorg (D:11)
  2 entropy weavers (Vaults:4)
  7 stone giants
  5 deep elf annihilators
  A green draconian (Depths:5)
  A lorocyproca (Zot:5)
  A red draconian (Zot:1)
  A white draconian (Zot:1)
  3 yellow draconians
  A spark wasp (Depths:5)
  A black draconian (Zot:1)
  4 ettins
  2 deep elf death magi (Elf:3)
  2 blizzard demons (IceCv)
  2 fire dragons
  5 great orbs of eyes
  2 ogre magi
  4 yaktaur captains
  2 rakshasas
  3 ice dragons
  6 naga warriors
  2 spriggan air magi
  11 hydras
  Erolcha (D:12)
  3 centaur warriors
  An anaconda (Snake:4)
  10 vault guards
  5 deep troll shamans
  A dancing weapon (Elf:1)
  3 deep troll earth magi (Depths:2)
  6 two-headed ogres
  5 alligators
  2 small abominations (Elf:3)
  An orc high priest (D:11)
  3 tengu warriors
  3 shock serpents
  A naga sharpshooter (Snake:1)
  4 deep elf knights
  2 iron trolls
  A skeletal warrior (Vaults:5)
  A hell knight (Depths:1)
  8 deep trolls
  A flayed ghost (Vaults:4)
  A spriggan druid (Swamp:4)
  4 swamp dragons
  2 unseen horrors
  2 wizards
  4 deep elf archers
  2 sea snakes
  2 ironbrand convokers (Vaults:3)
  A harpy (Vaults:5)
  4 phantasmal warriors
  A necromancer (Vaults:2)
  2 wolf spiders
  6 deep elf magi
  A manticore (D:15)
  An orc sorcerer (Orc:2)
  4 orc knights
  A human zombie (Vaults:2)
  A cyclops (D:13)
  A mana viper (Snake:3)
  14 ugly things
  A tengu skeleton (Vaults:2)
  2 salamanders
  9 elephants
  2 guardian serpents (Snake:4)
  6 vault sentinels
  5 moths of wrath
  7 black mambas
  A gargoyle (D:13)
  6 naga magi
  11 cane toads
  A centaur skeleton (D:14)
  3 spectral swamp worms (Depths:4)
  5 freezing wraiths
  4 komodo dragons
  3 ice devils (IceCv)
  A yaktaur (shapeshifter) (Elf:2)
  15 yaktaurs
  2 tengu conjurers
  A golden dragon simulacrum (IceCv)
  10 tyrant leeches
  A polar bear (Lair:4)
  8 trolls
  A jumping spider (Vaults:4)
  4 hornets
  A wolf spider simulacrum (IceCv)
  3 dream sheep
  2 raiju (shapeshifter)
  3 bog bodies
  7 slime creatures
  7 hippogriffs
  A shadow (D:12)
  3 spriggans
  4 wraiths
  A wyvern (Lair:6)
  2 fire elementals
  11 yaks
  3 chaos spawn (Abyss:3)
  8 vampire mosquitoes
  A human simulacrum (Vaults:3)
  An iron troll simulacrum (IceCv)
  12 nagas
  6 insubstantial wisps (Swamp:3)
  An acid dragon (Vaults:2)
  2 soldier ants
  A hell hound (Elf:1)
  7 water moccasins
  3 swamp worms
  6 porcupines
  A hydra simulacrum (IceCv)
  A swamp drake (Swamp:2)
  18 orc warriors
  2 alligator simulacra (IceCv)
  An eye of draining (shapeshifter) (D:13)
  A hornet zombie (D:8)
  2 phantoms
  A black bear (D:10)
  6 boggarts
  A sky beast (D:7)
  5 wolves
  8 ogres
  4 centaurs
  5 crocodiles
  A big kobold (D:15)
  6 bullfrogs
  2 earth elementals
  A wyvern skeleton (D:13)
  2 scorpions
  2 killer bees
  3 wights (D:12)
  A bullfrog zombie (D:8)
  A quasit (D:9)
  A draconian simulacrum (IceCv)
  A jelly (D:10)
  Crazy Yiuf (D:6)
  4 centaur zombies
  2 hounds (D:12)
  8 orc wizards
  5 orc priests
  2 worker ants (D:7)
  A hell rat (Lair:6)
  A worker ant zombie (D:10)
  3 gnolls (D:10)
  5 adders
  A naga simulacrum (IceCv)
  2 ufetubi (IceCv)
  An ooze (D:6)
  2 leopard geckos
  49 orcs
  An orc (shapeshifter) (Vaults:5)
  A giant cockroach (D:7)
  3 kobolds
  2 quokkas (D:7)
  2 briar patches (Swamp:3)
  A crawling corpse (Vaults:5)
  A fungus (Lair:2)
643 creatures vanquished.

Vanquished Creatures (others)
  A tentacled monstrosity (Zot:1)
  A deep elf master archer (Elf:3)
  A thorn hunter (Swamp:3)
  A stone giant (Vaults:3)
  An ogre mage (Vaults:2)
  A centaur warrior (Vaults:2)
  2 deep elf knights
  A swamp dragon (Swamp:3)
  An orc knight (D:11)
  A deep elf mage (Elf:3)
  A moth of wrath (Zot:1)
  2 yaktaurs
  An ice devil (IceCv)
  A blink frog (shapeshifter) (Depths:2)
  4 humans (Snake:4)
  A swamp worm (Swamp:3)
  A floating eye (Vaults:3)
  An orc warrior (D:12)
  An ogre (Vaults:1)
  A centaur (D:8)
  30 knights
  An orc wizard (D:7)
  4 ancestors
  A kobold (D:15)
  A briar patch (Swamp:3)
  8 fungi
  11 plants
  6 toadstools (Depths:1)
  6 withered plants (Elf:1)
93 creatures vanquished.

Grand Total: 2395 creatures vanquished

Levels and vault maps discovered:
D:1:      minmay_arrival_diagonal_passages, layout_loops_ring,
          serial_park_tiny_2, chequers_serial_rivers_room_a, roderic_lattice_a
D:2:      layout_basic, first_ration
D:3:      layout_loops_corners
D:4:      layout_loops_ring, nicolae_overflow_crystal_walls
D:5:      layout_basic, old_standard_altar, nicolae_overflow_hidden_temple,
          minmay_temple_entry_junction_2, minmay_ruined_shrine
D:6:      layout_loops_ring, serial_glass, glass_columns_a, glass_columns_a,
          uniq_crazy_yiuf_cottage
D:7:      minmay_chambers_of_fours, layout_rooms, old_standard_altar,
          feat_on_display
D:8:      layout_cave_pools, nemelex_xobeh_ov_fountains_minmay, serial_shops,
          shop, kennysheep_mini
D:9:      layout_gridville, grunt_pizzeria
D:10:     layout_gridville, grunt_lair_entry_orc_guard_hut, basic_altar,
          serial_shops, nicolae_shop_behind_doors, minmay_between
D:11:     layout_cross, hiddenorc1_lemuel, serial_shops, shop
D:12:     layout_cave_pools, gammafunk_ghost_berserking_beasts, uniq_erolcha
D:13:     layout_rooms, lightli_vaults_fourway_checkpoint, serial_shops,
          nicolae_shop_statue_plus, enter_bailey_2,
          hangedman_abyss_or_decor_jellyfish_corner, uniq_jorgrun
D:14:     layout_irregular_city
D:15:     gammafunk_enter_depths_forms, layout_cave_pods, abandoned_shop,
          serial_park_tiny_pond, minmay_unpleasant_kobolds, uniq_josephine
Temple:   eino_narrow_crystal_temple
Lair:1:   layout_cave_pods, gauntlet_entry_generic, st_stairs_5
Lair:2:   layout_cave_pods, basic_altar, serial_bayou_shore_a,
          grunt_megastairs_1
Lair:3:   statuecave_lemuel, layout_chaotic_city,
          minmay_snake_entry_six_corridors, ebering_ghost_xom,
          grunt_megastairs_5, minmay_lair_oklob_chamber,
          infiniplex_staircase_pool
Lair:4:   layout_regular_city, minmay_swamp_entry_worms, serial_bayou_lake_a
Lair:5:   layout_cave_shapes, grunt_megastairs_4
Lair:6:   cheibrodos_lair_end_hotspot, layout_regular_city,
          minmay_slime_entry_pillars
Swamp:1:  layout_basic_swamp, evilmike_swamp_ruin_house_6, swamp_pool1,
          ldierk_geyser
Swamp:2:  layout_basic_swamp, portal_ice_cave_entry_ugly_swarm,
          evilmike_swamp_ruin_wall, infiniplex_staircase_pool_2, uniq_roxanne
Swamp:3:  layout_basic_swamp, hangedman_swamp_ruin_hall
Swamp:4:  swamp, layout_basic_swamp, swamp_pool4
Snake:1:  layout_basic, hangedman_snake_corridor_split
Snake:2:  layout_chambers, st_stairs_4, uniq_aizul, uniq_vashnia, uniq_frances
Snake:3:  layout_layer_cave, gammafunk_ghost_arena, uniq_asterion
Snake:4:  grunt_snake_rune_pools, layout_layer_cave, grunt_ministairs_8,
          uniq_kirke
Orc:1:    layout_caves, uniq_snorg, uniq_gastronok
Orc:2:    st_orc_rangers, layout_diamond_mine, basic_altar
Elf:1:    eino_elf_arrival_the_gate, layout_gridlike, gammafunk_ghost_cemetery,
          hangedman_elf_disciples, palyth_stone_intersect, uniq_azrael
Elf:2:    layout_gridlike
Elf:3:    grunt_elf_hall_asides, layout_loops_corners, serial_shops,
          bzr_entry_gold, chequers_big_river
Vaults:1: nicolae_vaults_little_squares_3, nicolae_vaults_little_squares_1,
          nicolae_vaults_little_squares_2, nicolae_vaults_theta,
          hangedman_vaults_stream, grunt_vaults_twisty,
          vaults_room_stairs_pillars, layout_vaults_quadrants, serial_shops,
          nicolae_shop_trees
Vaults:2: v_misc_16, v_misc_4, dpeg_vaults_monster_box, dpeg_vaults_monster_row,
          vaults_dpeg_encased_lava, v_misc_18, st_spiral_rooms,
          nicolae_vaults_big_angled_halls, nicolae_vaults_ring_of_whatevers,
          v_misc_33, nicolae_vaults_twisting_passages, vaults_room_pools,
          layout_vaults_omnicross
Vaults:3: v_misc_4, nicolae_vaults_rhombus_7, st_greater_box_2, v_misc_24,
          v_misc_19, minmay_crypt_entry_simple_plaza, v_misc_10,
          grunt_vaults_funnel, v_misc_31, nicolae_vaults_arrows,
          ontoclasm_vaults_gateway, ontoclasm_vaults_chip,
          layout_vaults_omnibox, uniq_frederick, uniq_mara, uniq_sojobo
Vaults:4: v_misc_33, st_diamondy, grunt_vaults_hallway_long, v_pattern_2,
          nicolae_vaults_network_square, v_alt_pattern_1,
          vaults_standard_mumra_x, nicolae_vaults_little_squares_2,
          vaults_dpeg_diagonal, vaults_room_door_hall, v_misc_29,
          vaults_room_ringed_pool, ontoclasm_vaults_decontamination,
          nicolae_vaults_asterisk, ontoclasm_vaults_fault,
          layout_vaults_maze_bifur
Vaults:5: serial_shops
Depths:1: layout_gridville, pan_entry, hangedman_coc_ice_floe, serial_shops,
          shop, minmay_gold_behind_fungi, minmay_misc_feat_tower,
          kennysheep_generic_room_11, uniq_nikola
Depths:2: gammafunk_its_a_trap, layout_basic, hell_entry,
          corexii_hall_statues_s, hangedman_feature_mirror, grunt_megastairs_3,
          serial_bayou_shore_b, firewood_loft
Depths:3: four-leaf_vault, layout_cave_shapes, pan_entry, hell_entry,
          mu_enter_wizlab_5, hangedman_abyss_or_decor_stabs,
          serial_bayou_shore_b, infiniplex_staircase_river, minmay_shop_star,
          serial_bayou_shore_b, serial_bayou_shore_b, uniq_bai_suzhen
Depths:4: minmay_tri_box, layout_cave_shapes, abyss_entry, pan_entry,
          minivault_11, pf_hell_entry_tar_river, minmay_misc_feat_columns,
          minmay_staircase_windowed_small, serial_bayou_shore_b
Depths:5: grunt_zot_entry_bicorn, layout_cave_shapes, enter_ziggurat_e,
          grunt_hell_entry_dis_old, nicolae_wwwww, uniq_enchantress
Zot:1:    hangedman_zot_vaults_quadrants, layout_onion, guppyfry_library_mini
Zot:2:    layout_concentric_octagons
Zot:3:    layout_misc_corridors
Zot:4:    layout_cellular_growth, st_stairs_13, lemuel_flame_loot_1
Zot:5:    layout_gridlike, hangedman_zot_decor_unnerving_road,
          grunt_ministairs_13


Message History

You kill the kobold!
The kobold's corpse dissolves into shadows!
You slice the shadow demon!!
You kill the shadow demon!
The frilled lizard dissolves into shadows!
No target in view!
(D) Dungeon (T) Temple (L) Lair (S) Swamp (P) Snake Pit (M) Slime Pits (O) Orcish Mines (E) Elven Halls (V) Vaults (C) Crypt (U) Depths (H) Hell (Z) Zot
Where to? (Enter - D:1 @ (x,y), ? - help)
A red devil comes into view. It is wielding a +0 trident.
The red devil moves out of view.
There is an open door here.
You see here a short sword.
There is a stone staircase leading up here.
You climb upwards.
There is a stone staircase leading down here.
There is a staircase leading out of the dungeon here.
You have escaped!

Notes
Turn   | Place    | Note
-------+----------+-------------------------------------------
     0 | D:1      | bmfx the Human Fighter began the quest for the Orb.
     0 | D:1      | Reached XP level 1. HP: 18/18 MP: 1/1
    49 | D:1      | Reached XP level 2. HP: 24/24 MP: 2/2
   239 | D:1      | Reached XP level 3. HP: 29/29 MP: 3/3
  1084 | D:2      | Reached XP level 4. HP: 28/35 MP: 4/4
  1780 | D:3      | Reached XP level 5. HP: 41/41 MP: 5/5
  2946 | D:4      | Reached skill level 1 in Throwing
  3001 | D:4      | Reached XP level 6. HP: 47/47 MP: 6/6
  3169 | D:4      | Found a shimmering altar of Xom.
  3525 | D:5      | Entered Level 5 of the Dungeon
  3633 | D:5      | Reached skill level 5 in Polearms
  3966 | D:5      | Noticed an ice beast
  4080 | D:5      | Killed an ice beast
  4080 | D:5      | Reached XP level 7. HP: 42/52 MP: 7/7
  4416 | D:5      | Reached skill level 5 in Armour
  4490 | D:5      | Found a staircase to the Ecumenical Temple.
  4501 | Temple   | Entered the Ecumenical Temple
  4880 | D:5      | Found a snail-covered altar of Cheibriados.
  4904 | D:5      | Reached XP level 8. HP: 53/58 MP: 8/8
  5020 | D:5      | Found an ancient bone altar of Kikubaaqudgha.
  5117 | D:5      | Found a sparkling altar of Nemelex Xobeh.
  5645 | D:6      | Found a runed translucent door.
  5646 | D:6      | Noticed Crazy Yiuf
  5695 | D:5      | Found a shattered altar of Ashenzari.
  5695 | D:5      | Found a hazy altar of Hepliaklqana.
  5695 | D:5      | Found a shadowy altar of Dithmenos.
  5703 | D:5      | Became a worshipper of Hepliaklqana the Forgotten
  6426 | D:6      | Killed Crazy Yiuf
  6565 | D:7      | Reached XP level 9. HP: 56/56 MP: 9/9
  6837 | D:7      | Reached * piety under Hepliaklqana
  7098 | D:7      | Found a hide-covered altar of Uskayaw.
  7791 | D:8      | Noticed a hippogriff
  7800 | D:8      | Killed a hippogriff
  7800 | D:8      | Reached skill level 5 in Fighting
  7800 | D:8      | Reached skill level 5 in Shields
  8284 | D:8      | Reached XP level 10. HP: 64/66 MP: 10/10
  8379 | D:8      | Found Poadi's Jewellery Shop.
  8478 | D:8      | Found Bumaqez's Assorted Antiques.
  8481 | D:8      | Bought a scroll labeled WALYSKEX DUBB for 32 gold pieces
  8481 | D:8      | Bought a coiled steel ring for 160 gold pieces
  8482 | D:8      | Identified the ring "Gieton" {rC+ rCorr Int-3 SInv} (You
                  | bought it in a shop on level 8 of the Dungeon)
  8574 | D:8      | Found a sparkling altar of Nemelex Xobeh.
  8586 | D:8      | Reached ** piety under Hepliaklqana
  8587 | D:8      | Remembered your ancestor Zada as a knight
  9152 | D:9      | Reached skill level 10 in Polearms
  9247 | D:9      | Reached skill level 1 in Dodging
  9247 | D:9      | Reached skill level 1 in Invocations
  9772 | D:10     | Entered Level 10 of the Dungeon
  9845 | D:10     | Noticed a cyclops
  9862 | D:10     | Killed a cyclops
  9862 | D:10     | Reached skill level 1 in Evocations
  9985 | D:10     | Found a staircase to the Lair.
 10053 | D:10     | Found a shimmering altar of Xom.
 10104 | D:10     | Noticed a gargoyle
 10113 | D:10     | Killed a gargoyle
 10132 | D:10     | Found Moek's Weapon Shoppe.
 10328 | D:10     | Noticed an unseen horror
 10337 | D:10     | Killed an unseen horror
 10453 | D:10     | Reached XP level 11. HP: 45/72 MP: 14/14
 10879 | D:11     | Reached *** piety under Hepliaklqana
 10902 | D:11     | Noticed a brown ugly thing
 10914 | D:11     | Noticed a five-headed hydra
 10969 | Lair:1   | Entered Level 1 of the Lair of Beasts
 11017 | Lair:1   | Reached skill level 5 in Invocations
 11292 | Lair:1   | Reached skill level 5 in Evocations
 11310 | Lair:1   | Found a gate leading to a gauntlet.
 11318 | Gauntlet | Entered a Gauntlet
 11318 | Gauntlet | Found a transporter.
 11318 | Gauntlet | Found a transporter.
 11319 | Gauntlet | Found a runed translucent door.
 11340 | Gauntlet | Found a transporter.
 11340 | Gauntlet | Found a transporter.
 11348 | Gauntlet | Found a transporter.
 11352 | Gauntlet | Found a transporter.
 11360 | Gauntlet | Found a transporter.
 11367 | Gauntlet | Found the ring of the Mage {Wiz MR++ Int+3}
 11375 | Gauntlet | Found a runed translucent door.
 11376 | Gauntlet | Found a transporter.
 11377 | Gauntlet | Found a runed translucent door.
 11390 | Gauntlet | Found a transporter.
 11394 | Gauntlet | Found a transporter.
 11400 | Gauntlet | Noticed a fire crab
 11402 | Gauntlet | Found a transporter.
 11406 | Gauntlet | Found a transporter.
 11930 | Lair:1   | Noticed an eight-headed hydra
 11937 | Lair:1   | Killed an eight-headed hydra
 12462 | Lair:2   | Got a smoking rapier
 12463 | Lair:2   | Identified the +6 rapier "Orb Guardian's Peril" {protect,
                  | rPois rF+} (You found it on level 2 of the Lair of Beasts)
 12507 | Lair:2   | Noticed an elephant
 12507 | Lair:2   | Noticed an elephant
 12515 | Lair:2   | Noticed an elephant
 12523 | Lair:2   | Noticed an elephant
 12532 | Lair:2   | Noticed an elephant
 12555 | Lair:2   | Noticed an elephant
 12896 | Lair:2   | Reached **** piety under Hepliaklqana
 13144 | Lair:2   | Killed an elephant
 13147 | Lair:2   | Killed an elephant
 13147 | Lair:2   | Reached XP level 12. HP: 54/79 MP: 12/16
 13463 | Lair:2   | Found a sparkling altar of Nemelex Xobeh.
 14005 | Lair:3   | Found a staircase to the Snake Pit.
 14878 | Lair:3   | Found a runed translucent door.
 14878 | Lair:3   | Found a shimmering altar of Xom.
 14878 | Lair:3   | Identified the +4 rapier "Pendulum" {chaos, rPois rF+ Str+7
                  | Dex-5}
 14878 | Lair:3   | Noticed a +4 rapier "Pendulum" {chaos, rPois rF+ Str+7
                  | Dex-5}
 14878 | Lair:3   | Noticed Sygruoh's ghost (journeyman TeAE)
 15850 | Lair:4   | Noticed a death yak
 15858 | Lair:4   | Noticed a death yak
 15886 | Lair:4   | Killed a death yak
 15886 | Lair:4   | Reached skill level 5 in Dodging
 15902 | Lair:4   | Killed a death yak
 15902 | Lair:4   | Reached XP level 13. HP: 70/83 MP: 17/17
 16248 | Lair:4   | Reached ***** piety under Hepliaklqana
 16707 | Lair:4   | Identified a scroll of acquirement
 16708 | Lair:4   | Acquired a manual of Polearms
 17011 | Lair:4   | Found a staircase to the Swamp.
 17617 | Lair:5   | Noticed an eight-headed hydra
 17627 | Lair:5   | Killed an eight-headed hydra
 18056 | Lair:6   | Entered Level 6 of the Lair of Beasts
 18113 | Lair:6   | Reached skill level 10 in Armour
 18119 | Lair:5   | Reached skill level 15 in Polearms
 18306 | Lair:6   | Noticed a catoblepas
 18330 | Lair:6   | Killed a catoblepas
 19478 | Lair:6   | Found a staircase to the Slime Pits.
 20118 | Lair:6   | Found a staircase to the Slime Pits.
 20142 | Lair:6   | Reached XP level 14. HP: 79/90 MP: 18/18
 21455 | D:11     | Found Jataqur's Gadget Shop.
 21466 | D:11     | Bought a tin of tremorstones (3/3) for 520 gold pieces
 21837 | D:11     | Found a staircase to the Orcish Mines.
 22637 | D:12     | Noticed Erolcha
 22645 | D:12     | Killed Erolcha
 22688 | D:12     | Found a transporter.
 23395 | D:12     | Noticed Apogee's ghost (journeyman MfSk)
 23409 | D:12     | Found a transporter.
 23755 | D:12     | Killed Apogee's ghost
 23758 | D:12     | Got a coiled copper ring
 23760 | D:12     | Identified the ring of Suspected Treachery {+Fly rElec
                  | Int+6} (You found it on level 12 of the Dungeon)
 23762 | D:12     | Got a twitching bone ring
 23764 | D:12     | Identified the ring of Ciunialu {MR++ Str+6 Int+4 Stlth+}
                  | (You found it on level 12 of the Dungeon)
 23976 | D:13     | Found Wafusm's Jewellery Boutique.
 24119 | D:13     | Found a flagged portal.
 24131 | D:13     | Reached XP level 15. HP: 98/102 MP: 14/19
 24148 | Bailey   | Entered a bailey
 24718 | Bailey   | Got a faintly glowing ring mail
 24720 | Bailey   | Got a bloodstained kite shield
 24731 | Bailey   | Identified the +6 kite shield of Pathos {Dex+3} (You found
                  | it in a bailey)
 24742 | Bailey   | Identified the cursed +1 ring mail of the Komodo Dragon
                  | {Dex+4 SInv Stlth+} (You found it in a bailey)
 24965 | D:13     | Noticed Jorgrun
 24984 | D:13     | Killed Jorgrun
 24984 | D:13     | Reached skill level 10 in Fighting
 24984 | D:13     | Reached skill level 10 in Shields
 25479 | D:14     | Got a faintly glowing helmet
 25490 | D:14     | Identified the +1 helmet "Puunil Qyin" {*Contam MP+9 Str+5
                  | Stlth+} (You found it on level 14 of the Dungeon)
 26543 | D:15     | Entered Level 15 of the Dungeon
 26628 | D:15     | Noticed Josephine
 26650 | D:15     | Killed Josephine
 26702 | D:15     | Gained mutation: Armour fits poorly on your strangely
                  | shaped body. [a neqoxec]
 27691 | D:15     | Reached XP level 16. HP: 109/109 MP: 22/22
 27804 | D:15     | Found a staircase to the Depths.
 27938 | Orc:1    | Entered Level 1 of the Orcish Mines
 27938 | Orc:1    | Noticed Snorg
 28079 | D:11     | Killed Snorg
 28643 | Orc:1    | Noticed Gastronok
 28657 | Orc:1    | Killed Gastronok
 29032 | Orc:2    | Entered Level 2 of the Orcish Mines
 29249 | Orc:2    | Found a staircase to the Elven Halls.
 29314 | Orc:2    | Found a shimmering altar of Xom.
 29604 | Orc:2    | Found Moups's Assorted Antiques.
 29604 | Orc:2    | Found Muimemn's Food Shoppe.
 29606 | Orc:2    | Found Kaiw's General Store.
 29608 | Orc:2    | Found Hak Fuami's Distillery.
 29845 | Orc:2    | Bought a scroll labeled TICEOR GOSOY for 27 gold pieces
 29853 | Orc:2    | Bought a potion of might for 56 gold pieces
 29853 | Orc:2    | Bought a potion of might for 56 gold pieces
 29858 | Orc:2    | Bought a potion of curing for 30 gold pieces
 29858 | Orc:2    | Bought a potion of might for 40 gold pieces
 29858 | Orc:2    | Bought a potion of haste for 100 gold pieces
 29858 | Orc:2    | Bought a potion of haste for 100 gold pieces
 29858 | Orc:2    | Bought a potion of curing for 30 gold pieces
 29858 | Orc:2    | Bought a potion of heal wounds for 50 gold pieces
 29860 | Orc:2    | Bought a bone wand for 108 gold pieces
 30028 | Orc:2    | Bought a potion of mutation for 112 gold pieces
 30028 | Orc:2    | Bought a potion of curing for 42 gold pieces
 30028 | Orc:2    | Lost mutation: Armour fits poorly on your strangely shaped
                  | body. [potion of mutation]
 30028 | Orc:2    | Gained mutation: You expend magic power (3 MP) to
                  | strengthen your wands. [potion of mutation]
 30028 | Orc:2    | Gained mutation: Your movements are slightly less
                  | encumbered by armour. (ER -2) [potion of mutation]
 30151 | D:13     | Found a gate to the Vaults.
 30672 | Swamp:1  | Entered Level 1 of the Swamp
 30700 | Swamp:1  | Reached skill level 1 in Axes
 31695 | Swamp:1  | Identified the cursed +1 scale mail "Qitteese" {rElec rCorr
                  | Str-5 Stlth-}
 31743 | Swamp:2  | Identified Roxanne's Compendium of Transmigration
 31743 | Swamp:2  | Noticed Roxanne
 31835 | Swamp:2  | Found a frozen archway.
 31851 | Swamp:2  | Reached skill level 5 in Axes
 31869 | IceCv    | Entered an ice cave
 31914 | IceCv    | Reached XP level 17. HP: 105/115 MP: 23/23
 31976 | IceCv    | Got a faintly glowing scale mail
 32945 | IceCv    | Identified a +1 pair of boots of running (You found it in
                  | an ice cave)
 32956 | IceCv    | Identified the +6 scale mail "Neumeidd" {rN+ Int-2 Dex+5
                  | Slay-6} (You found it in an ice cave)
 33474 | Swamp:2  | Reached skill level 15 in Armour
 34721 | Swamp:3  | Noticed a thorn hunter
 34733 | Swamp:3  | Killed a thorn hunter
 35007 | Swamp:3  | Noticed a thorn hunter
 35019 | Swamp:3  | Killed a thorn hunter
 35245 | Swamp:3  | Reached skill level 10 in Axes
 35345 | Swamp:3  | Noticed a thorn hunter
 35355 | Swamp:3  | Killed a thorn hunter
 36164 | Swamp:4  | Entered Level 4 of the Swamp
 36365 | Snake:1  | Entered Level 1 of the Snake Pit
 36800 | Snake:1  | Reached XP level 18. HP: 88/120 MP: 24/24
 38215 | Snake:2  | Noticed Aizul
 38231 | Snake:2  | Killed Aizul
 38978 | Snake:2  | Noticed Frances
 38997 | Snake:2  | Killed Frances
 39787 | Snake:2  | Noticed Vashnia
 39827 | Snake:2  | Killed Vashnia
 40888 | Snake:3  | Noticed Asterion
 41110 | Snake:3  | Killed Asterion
 41110 | Snake:3  | Reached XP level 19. HP: 101/127 MP: 25/25
 41557 | Snake:3  | Noticed t4s4d4r's ghost (adept OpWz)
 41558 | Snake:3  | Found a transporter.
 41830 | Snake:3  | Found a transporter.
 42529 | Snake:4  | Entered Level 4 of the Snake Pit
 42853 | Snake:4  | Noticed Kirke
 42866 | Snake:4  | Killed Kirke
 44459 | Snake:4  | Got a serpentine rune of Zot
 44476 | Snake:4  | Reached XP level 20. HP: 130/140 MP: 26/26
 45803 | Swamp:4  | Got a decaying rune of Zot
 46087 | Elf:1    | Entered Level 1 of the Elven Halls
 46481 | Elf:1    | Noticed Azrael
 46490 | Elf:1    | Killed Azrael
 46568 | Elf:1    | Got a brightly glowing golden ring
 46570 | Elf:1    | Identified the ring of Onudyo {rF+ AC+4} (You found it on
                  | level 1 of the Elven Halls)
 46804 | Elf:1    | Found a runed translucent gate.
 46804 | Elf:1    | Found a runed translucent gate.
 46805 | Elf:1    | Found a runed translucent gate.
 46806 | Elf:1    | Noticed SatoMori's ghost (adept MiBe)
 46807 | Elf:1    | Noticed adozu's ghost (journeyman DsVM)
 48063 | Elf:2    | Found a runed translucent gate.
 48065 | Elf:2    | Found a runed translucent gate.
 48097 | Elf:2    | Found a runed translucent gate.
 48173 | Elf:2    | Reached XP level 21. HP: 150/150 MP: 27/27
 48361 | Elf:2    | Reached skill level 15 in Fighting
 48361 | Elf:2    | Reached skill level 15 in Shields
 48608 | Elf:3    | Entered Level 3 of the Elven Halls
 48614 | Elf:3    | Found a flickering gateway to a bazaar.
 48654 | Bazaar   | Entered a bazaar
 48664 | Bazaar   | Found Elusin's Jewellery Boutique.
 48682 | Bazaar   | Found Zoahuone's Antique Armour Emporium.
 48699 | Bazaar   | Found Zyngeocu's Book Boutique.
 48716 | Bazaar   | Found Yrphor's Antique Weapon Shoppe.
 49509 | Elf:3    | Identified the cursed +1 troll leather armour "Unuagh"
                  | {+Blink rPois Regen+ Stlth+}
 49518 | Elf:3    | Reached skill level 10 in Dodging
 49622 | Elf:3    | Identified the amulet "Micsodor" {RegenMP Int+5 Slay-2}
 49975 | Elf:3    | Noticed a Tzitzimitl
 50164 | Elf:3    | Cast into level 2 of the Abyss (a deep elf sorcerer)
 50194 | Elf:3    | Escaped the Abyss
 50214 | Elf:3    | Identified the ring "Cyt Etos" {AC+4 Dex+5 SInv}
 50861 | Elf:3    | Identified the cursed ring "Ovoifale" {*Contam rF++ rN+
                  | Int-4}
 50903 | Elf:3    | Identified the Almanac of Evil Companions
 50908 | Elf:3    | Identified Sif Muna's Catalogue of Helpful Moulding
 51626 | Elf:3    | Acquired a +3 demon trident of pain
 51763 | Vaults:1 | Entered Level 1 of the Vaults
 52007 | Vaults:1 | Got a distressingly furry helmet
 52075 | Vaults:1 | Found Zaesk's Antique Armour Boutique.
 52083 | Vaults:1 | Bought the +10 tower shield of Ignorance {rN+ Int-4} for
                  | 2521 gold pieces
 52083 | Vaults:1 | Found the +10 tower shield of Ignorance {rN+ Int-4}
 52094 | Vaults:1 | Identified the +0 helmet of Gallantry {rElec} (You found it
                  | on level 1 of the Vaults)
 52666 | Vaults:1 | Reached XP level 22. HP: 135/157 MP: 28/28
 53009 | Vaults:1 | Reached ****** piety under Hepliaklqana
 54836 | Vaults:3 | Noticed Mara
 54849 | Vaults:3 | Killed Mara
 54977 | Vaults:3 | Noticed Frederick
 54988 | Vaults:3 | Killed Frederick
 55180 | Vaults:3 | Reached XP level 23. HP: 132/162 MP: 29/29
 55215 | Vaults:3 | Identified the amulet of Kemeirch {RegenMP rC+ Str+9 Int-5}
 55270 | Vaults:3 | Identified the +1 shortbow "Velas" {freeze, Str-3 Dex+5}
 56286 | Vaults:3 | Noticed Sojobo
 56308 | Vaults:3 | Killed Sojobo
 56799 | Vaults:3 | Found a staircase to the Crypt.
 57452 | Vaults:4 | Reached XP level 24. HP: 169/169 MP: 29/29
 58911 | Depths:1 | Entered Level 1 of the Depths
 58988 | Depths:1 | Found a one-way gate leading to the halls of Pandemonium.
 59149 | Depths:1 | Noticed Nikola
 59150 | Depths:1 | Found a gateway to Hell.
 59163 | Depths:1 | Killed Nikola
 59399 | Vaults:1 | Bought a pair of embroidered gloves for 330 gold pieces
 59410 | Vaults:1 | Bought a pair of runed gloves for 330 gold pieces
 59625 | Depths:1 | Found Xalim's Food Shop.
 60478 | Depths:2 | Found a transporter.
 60646 | Depths:2 | Found a transporter.
 60789 | Depths:2 | Found an ancient bone altar of Kikubaaqudgha.
 61030 | Depths:2 | Found a bloodstained altar of Trog.
 61304 | Depths:2 | Reached XP level 25. HP: 168/177 MP: 29/29
 61382 | Depths:2 | Got a flickering copper amulet
 61383 | Depths:2 | Identified the amulet "Ummeat" {RegenMP rC+ Str+3 Dex+4}
                  | (You found it on level 2 of the Depths)
 61398 | Depths:2 | Got a clouded turquoise ring
 61399 | Depths:2 | Identified the ring "Meimat" {*Contam +Blink rC++ EV+4
                  | Stlth+} (You found it on level 2 of the Depths)
 61479 | Depths:3 | Found a magical portal.
 61488 | WizLab   | Entered Wucad Mu's Monastery
 61602 | WizLab   | Found the +9 staff of Wucad Mu {channel}
 61635 | WizLab   | Reached XP level 26. HP: 183/183 MP: 29/29
 61936 | Depths:3 | Found Jucew's Armour Emporium.
 61940 | Depths:3 | Found Bofooc's Assorted Antiques.
 61941 | Depths:3 | Found Ovixocvotal's Antique Weapon Emporium.
 61947 | Depths:3 | Cast into level 2 of the Abyss (vampire knight)
 62023 | Depths:3 | Escaped the Abyss
 62036 | Depths:3 | Bought a scroll of fog for 54 gold pieces
 62495 | Depths:3 | Noticed Bai Suzhen
 62516 | Depths:3 | Killed Bai Suzhen
 62547 | Depths:3 | Identified the +3 whip of the Penguin {drain, rC+ Int+4
                  | Stlth+}
 62804 | Depths:3 | Acquired 880 gold pieces
 63181 | Depths:4 | Found a one-way gate to the infinite horrors of the Abyss.
 63467 | Depths:4 | Identified the amulet "Neunt" {Acrobat rPois rF+ rN+ Int+2}
                  | (You found it on level 4 of the Depths)
 64344 | Depths:4 | Found the +7 Spriggan's Knife {stab, EV+4 Stlth+}
 64536 | Depths:5 | Entered Level 5 of the Depths
 64536 | Depths:5 | Noticed the Enchantress
 64539 | Depths:5 | Reached XP level 27. HP: 190/190 MP: 29/29
 64566 | Depths:5 | Reached skill level 15 in Axes
 64569 | Depths:5 | Killed the Enchantress
 64776 | Depths:5 | Found a gateway to a ziggurat.
 65307 | Depths:5 | Reached skill level 10 in Invocations
 65845 | Depths:5 | Found a gate to the Realm of Zot.
 67029 | Vaults:5 | Entered Level 5 of the Vaults
 68022 | Vaults:5 | Acquired 7 rations
 68750 | Vaults:5 | Noticed an ancient lich
 69002 | Vaults:5 | Killed an ancient lich
 69116 | Vaults:5 | Acquired 1010 gold pieces
 69142 | Vaults:5 | Got a silver rune of Zot
 69539 | Vaults:5 | Got a steaming ring mail
 69686 | Vaults:5 | Identified the Catalogue of Spatial Self-Improvement
 69694 | Vaults:5 | Identified the Reference Book on Entrancing Air
 69878 | Vaults:1 | Bought a pair of glowing gloves for 330 gold pieces
 70083 | Orc:2    | Bought a scroll of teleportation for 81 gold pieces
 70083 | Orc:2    | Bought a scroll of teleportation for 81 gold pieces
 70178 | D:11     | Bought a wand of iceblast (5) for 117 gold pieces
 70178 | D:11     | Bought a wand of acid (10) for 364 gold pieces
 70178 | D:11     | Bought a wand of digging (3) for 182 gold pieces
 70178 | D:11     | Bought a box of beasts for 260 gold pieces
 70445 | Zot:1    | Entered Level 1 of the Realm of Zot
 70459 | Zot:1    | Reached skill level 10 in Evocations
 70726 | Zot:1    | Noticed an ancient lich
 70751 | Zot:1    | Killed an ancient lich
 71584 | Zot:5    | Entered Level 5 of the Realm of Zot
 72552 | Zot:5    | Noticed an orb of fire
 72567 | Zot:5    | Gained mutation: You do not regenerate when monsters are
                  | visible. [an orb of fire]
 72574 | Zot:5    | Gained mutation: Your body sometimes deteriorates upon
                  | taking damage. [an orb of fire]
 72581 | Zot:5    | Killed an orb of fire
 72635 | Zot:5    | Noticed an ancient lich
 72652 | Zot:5    | Killed an ancient lich
 72781 | Zot:5    | Noticed an ancient lich
 72799 | Zot:5    | Killed an ancient lich
 72815 | Zot:5    | Noticed an orb of fire
 72849 | Zot:5    | Killed an orb of fire
 72893 | Zot:5    | Noticed a Killer Klown
 72905 | Zot:5    | Killed a Killer Klown
 72906 | Zot:5    | Noticed a Killer Klown
 72928 | Zot:5    | Killed a Killer Klown
 73149 | Zot:5    | Noticed an orb of fire
 73168 | Zot:5    | Killed an orb of fire
 73179 | Zot:5    | Noticed an orb of fire
 73190 | Zot:5    | Gained mutation: You tend to lose your temper in combat.
                  | [an orb of fire]
 73191 | Zot:5    | Gained mutation: You occasionally shout uncontrollably at
                  | your foes. [an orb of fire]
 73203 | Zot:5    | Killed an orb of fire
 74214 | Swamp:4  | Lost mutation: You do not regenerate when monsters are
                  | visible. [potion of mutation]
 74214 | Swamp:4  | Lost mutation: Your movements are slightly less encumbered
                  | by armour. (ER -2) [potion of mutation]
 74214 | Swamp:4  | Lost mutation: You tend to lose your temper in combat.
                  | [potion of mutation]
 74214 | Swamp:4  | Lost mutation: You expend magic power (3 MP) to strengthen
                  | your wands. [potion of mutation]
 74214 | Swamp:4  | Gained mutation: You are weak. (Str -2) [potion of
                  | mutation]
 74214 | Swamp:4  | Gained mutation: You have sharp toenails. [potion of
                  | mutation]
 74214 | Swamp:4  | Gained mutation: You are resistant to electric shocks.
                  | (rElec) [potion of mutation]
 75031 | Zot:5    | Noticed a Killer Klown
 75047 | Zot:5    | Killed a Killer Klown
 75090 | Zot:5    | Noticed an ancient lich
 75126 | Zot:5    | Killed an ancient lich
 75126 | Zot:5    | Noticed an ancient lich
 75129 | Zot:5    | Noticed an ancient lich
 75136 | Zot:5    | Killed an ancient lich
 75138 | Zot:5    | Noticed an ancient lich
 75149 | Zot:5    | Killed an ancient lich
 75153 | Zot:5    | Killed an ancient lich
 75177 | Zot:5    | Noticed an ancient lich
 75183 | Zot:5    | Killed an ancient lich
 75184 | Zot:5    | Noticed an ancient lich
 75203 | Zot:5    | Killed an ancient lich
 75801 | Zot:5    | Lost mutation: Your body sometimes deteriorates upon taking
                  | damage. [potion of mutation]
 75801 | Zot:5    | Lost mutation: You have sharp toenails. [potion of
                  | mutation]
 75801 | Zot:5    | Gained mutation: Armour fits poorly on your strangely
                  | shaped body. [potion of mutation]
 75801 | Zot:5    | Gained mutation: You expend magic power (3 MP) to
                  | strengthen your wands. [potion of mutation]
 75802 | Zot:5    | Lost mutation: You occasionally shout uncontrollably at
                  | your foes. [potion of mutation]
 75802 | Zot:5    | Lost mutation: You are weak. (Str -2) [potion of mutation]
 75802 | Zot:5    | Lost mutation: You are resistant to electric shocks.
                  | (rElec) [potion of mutation]
 75802 | Zot:5    | Lost mutation: Armour fits poorly on your strangely shaped
                  | body. [potion of mutation]
 75802 | Zot:5    | Gained mutation: You are agile. (Dex +2) [potion of
                  | mutation]
 75802 | Zot:5    | Gained mutation: You are partially covered in molten
                  | scales. (AC +2) [potion of mutation]
 75802 | Zot:5    | Gained mutation: Your system is resistant to poisons.
                  | (rPois) [potion of mutation]
 75802 | Zot:5    | Gained mutation: You have sharp toenails. [potion of
                  | mutation]
 75879 | Zot:5    | Got the Orb of Zot
 76526 | D:$      | Escaped with the Orb!
